 Dungeon Crawl Stone Soup version bcrawl-1.38.1 (webtiles) character file.

Game seed: 6430653057751690822

351477 Morbidden the Ruffian (level 9, -5/85 HPs)
             Began as a Troll Archaeologist on Apr 3, 2023.
             Was a Follower of Cheibriados.
             Slain by an orc warrior
             ... wielding a +0 trident
              (20 damage)
             ... on level 7 of the Dungeon.
             The game lasted 00:09:48 (5933 turns).

Morbidden the Ruffian (Troll Archaeologist)         Turns: 5933, Time: 00:09:49

Health: -5/85      AC: 13    Str: 30    XL:     9   Next: 90%
Magic:  12/12      EV:  5    Int: 16    God:    Cheibriados [*.....]
Gold:   485        SH: 17    Dex: 10    Spells: 14/14 levels left

rFire    + . .     GDR:     26%   - Claws (26.1)
rCold    . . .     SeeInvis .   f - +1 large shield {AC+3}
rNeg     . . .     Gourm    +   (armour unavailable)
rPois    .         Faith    .   c - +1 hat
rElec    .         Spirit   .   o - +0 cloak
rCorr    .         Reflect  .   (gloves unavailable)
MR       .....     Clarity  +   (boots unavailable)
Stlth    ++........             (no amulet)
HPRegen  0.64/turn              u - ring of protection from fire
MPRegen  0.13/turn              t - +7 ring of strength

@: about to teleport, very slow
A: large, almost no armour, claws 3, fast metabolism 3, gourmand, regeneration
1, AC +8
a: Bend Time, Renounce Religion


You were on level 7 of the Dungeon.
You worshipped Cheibriados.
Cheibriados was aware of your devotion.
You were very full.

You visited 2 branches of the dungeon, and saw 8 of its levels.
You also visited: Sewer.

You collected 485 gold pieces.

Inventory:

Hand Weapons
 b - a +0 blowgun
 p - a +0 hunting sling
Missiles
 a - 46 poisoned needles
 d - 6 curare-tipped needles
 n - 349 poisoned tomahawks
 q - 863 sling bullets
 D - 725 stones (quivered)
 E - 66 javelins
 I - 31 large rocks
Armour
 c - a +1 hat (worn)
 f - a +1 large shield of protection (worn)
 l - the +4 hat of Fortification {Str+3 Dex+4, unknown}
   (You found it on level 5 of the Dungeon)

   It affects your strength (+3).
   It affects your dexterity (+4).
 o - a +0 cloak (worn)
Jewellery
 r - an uncursed ring of fire
 t - a +7 ring of strength (right claw)
 u - a ring of protection from fire (left claw)
Wands
 s - a wand of disintegration (17)
 w - a wand of flame (11)
 B - a wand of charming (4)
 C - a wand of acid (5)
Scrolls
 g - 5 scrolls of magic mapping
 h - 2 scrolls of teleportation
 i - 4 scrolls of identify
 m - 2 scrolls of blinking
 y - 5 scrolls of remove curse
 G - a scroll of fear
 H - a scroll of enchant armour {unknown}
 L - a scroll of brand weapon {unknown}
Potions
 j - 2 potions of mutation {unknown}
 k - 2 potions of curing {unknown}
 v - a potion of degeneration {unknown}
 x - a potion of heal wounds
 z - 3 potions of agility {unknown}
 A - a potion of flight {unknown}
 F - a potion of cancellation {unknown}
 K - a potion of magic {unknown}
Comestibles
 e - 13 rations {!d}


   Skills:
 * Level 4.4 Fighting
   Level 1.0 Maces & Flails
 * Level 3.1 Throwing
 * Level 5.1 Dodging
 + Level 2.2 Stealth
 * Level 4.0 Shields
 * Level 6.7 Unarmed Combat
 * Level 3.0 Spellcasting
 * Level 2.4 Invocations
 * Level 2.8 Evocations


You had 14 spell levels left.
You didn't know any spells.
Your spell library was empty.

Dungeon Overview and Level Annotations

Branches:
Dungeon (7/12)             Temple (1/1) D:6            Lair (0/6) D:7

Altars:
Ashenzari
Cheibriados
Dithmenos
Elyvilon
Fedhas
Gozag
Hepliaklqana
Kikubaaqudgha
Lugonu
Makhleb
Nemelex Xobeh
Okawaru
Ru
Sif Muna
Trog
Uskayaw
Vehumet
Wu Jian
Xom
Yredelemnul
Zin

Annotations:
D:5 1 runed translucent door, pecorinoman's ghost, amateur HEGl
D:6 3 runed translucent doors, yrara's ghost, novice DsFi


Innate Abilities, Weirdness & Mutations

You cannot wear most types of armour.
Your thick skin is tough. (AC +8)
You are too large for most types of armour.
You have claws for hands.
Your metabolism is lightning-fast.
You like to eat raw meat.
Your natural rate of healing is unusually fast.


Message History

As you read the scroll of teleportation, it crumbles to dust.
You feel strangely unstable. You block the death yak's attack.
The orc warrior hits you from afar with a +0 trident!
You claw the death yak!
The death yak is lightly wounded.
The death yak snorts and paws the ground.
The death yak closely misses you.
No path to travel!
You claw the death yak!
The death yak is moderately wounded.
The death yak gores you!!
* * * LOW HITPOINT WARNING * * *
You block the orc warrior's attack.
No path to travel!
No path to travel!
You barely miss the death yak.
The death yak is moderately wounded.
You block the death yak's attack.
The orc warrior hits you from afar with a +0 trident!!
You die...

#.........#.....#
#.##.####.###[#.....
#.##.# #.# #.#.####
#.##.## #.# #.# #
#.#...# #.# #.#
#.#...# #.# #..
#.#...# #.# ...
..#.### #.# ### #@#
#Y# #o# #Y# #r# #.#
#.# ##.# #..#


You could see 2 death yaks, an orc warrior and a hell rat.

Vanquished Creatures
  A death yak (D:7)
  Pikel (D:5)
  A troll (D:5)
  Sigmund (D:5)
  A hungry ghost (D:6)
  Duvessa (D:5)
  Purgy (Sewer)
  2 orc warriors (D:6)
  2 sky beasts
  A bullfrog (D:5)
  Dowan (D:5)
  A scorpion (D:4)
  5 wights (D:6)
  A howler monkey (D:5)
  5 orc priests
  2 crimson imps
  3 bullfrog zombies (D:6)
  A jelly (D:7)
  3 hounds
  8 orc wizards
  A bullfrog skeleton (D:5)
  3 worker ants
  Ijyb (D:5)
  3 iguanas
  A gnoll (D:5)
  4 adders
  A shadow imp (D:6)
  4 oozes
  6 worms
  A dart slug (D:2)
  4 leopard geckos
  23 orcs
  3 giant cockroaches
  6 goblins
  10 hobgoblins
  13 jackals
  11 kobolds
  6 bats
  2 frilled lizards (Sewer)
  4 rats
149 creatures vanquished.

Notes
Turn   | Place    | Note
-------+----------+-------------------------------------------
     0 | D:1      | Morbidden the Troll Archaeologist began the quest for the
                  | Orb.
     0 | D:1      | Reached XP level 1. HP: 18/18 MP: 0/0
   187 | D:1      | Reached XP level 2. HP: 26/26 MP: 1/1
   579 | D:1      | Reached XP level 3. HP: 9/32 MP: 2/2
   591 | D:1      | Reached skill level 1 in Unarmed Combat
  1020 | D:2      | Reached skill level 1 in Fighting
  1241 | D:2      | Gained mutation: Your natural rate of healing is unusually
                  | fast. [Troll growth]
  1241 | D:2      | Reached XP level 4. HP: 41/41 MP: 4/4
  1480 | D:3      | Found a glowing drain.
  1512 | Sewer    | Entered a sewer
  1519 | Sewer    | Noticed Purgy
  1527 | Sewer    | Killed Purgy
  1528 | Sewer    | Reached skill level 1 in Throwing
  1528 | Sewer    | Reached skill level 2 in Unarmed Combat
  1528 | Sewer    | Reached skill level 1 in Spellcasting
  1528 | Sewer    | Reached skill level 1 in Evocations
  1528 | Sewer    | Reached XP level 5. HP: 23/48 MP: 5/5
  1528 | Sewer    | Identified a scroll of acquirement
  1533 | Sewer    | Identified the ring "Koyn" {rPois rN+ Str+4 Stlth++} (You
                  | acquired it in a sewer)
  2109 | D:3      | Noticed a sky beast
  2142 | D:3      | Killed a sky beast
  2143 | D:3      | Reached skill level 1 in Shields
  2143 | D:3      | Reached skill level 3 in Unarmed Combat
  2143 | D:3      | Reached XP level 6. HP: 45/55 MP: 6/6
  2843 | D:4      | Reached XP level 7. HP: 32/63 MP: 8/8
  3233 | D:5      | Entered Level 5 of the Dungeon
  3343 | D:5      | Noticed Dowan
  3410 | D:5      | Reached skill level 4 in Unarmed Combat
  3420 | D:5      | Found a runed translucent door.
  3441 | D:5      | Noticed pecorinoman's ghost (amateur HEGl)
  3455 | D:5      | Got a twisted hat
  3606 | D:5      | Noticed Ijyb
  3620 | D:5      | Killed Ijyb
  3787 | D:5      | Noticed Duvessa
  3806 | D:5      | Killed Duvessa
  3817 | D:5      | Killed Dowan
  3818 | D:5      | Reached XP level 8. HP: 53/74 MP: 9/9
  3866 | D:5      | Noticed Sigmund
  3873 | D:5      | Killed Sigmund
  3992 | D:5      | Noticed Pikel
  4018 | D:5      | Killed Pikel
  4019 | D:5      | Reached skill level 5 in Unarmed Combat
  4418 | D:6      | Noticed a troll
  4420 | D:6      | Reached XP level 9. HP: 71/84 MP: 11/11
  4437 | D:5      | Killed a troll
  4655 | D:6      | Found a runed translucent gate.
  4656 | D:6      | Found a runed translucent gate.
  4680 | D:6      | Found a staircase to the Ecumenical Temple.
  4788 | Temple   | Entered the Ecumenical Temple
  4969 | Temple   | Became a worshipper of Cheibriados the Contemplative
  5064 | D:6      | Noticed yrara's ghost (novice DsFi)
  5207 | D:6      | Reached skill level 1 in Invocations
  5502 | D:6      | Found a runed translucent gate.
  5580 | D:6      | Reached skill level 6 in Unarmed Combat
  5581 | D:6      | Reached * piety under Cheibriados
  5866 | D:7      | Noticed a death yak
  5881 | D:7      | Killed a death yak
  5882 | D:7      | Reached skill level 5 in Dodging
  5915 | D:7      | Found a staircase to the Lair.
  5915 | D:7      | Noticed a death yak
  5923 | D:7      | Noticed a death yak
  5933 | D:7      | Slain by an orc warrior

Skill      XL: |  1  2  3  4  5  6  7  8  9 |
---------------+----------------------------+-----
Unarmed Combat | 1 2 3 4 5 6 |  6.7
Fighting       | 1 2 3 4 |  4.4
Throwing       | 1 2 3 |  3.1
Dodging        | 3 4 5 |  5.1
Stealth        | 2 |  2.2
Spellcasting   | 1 2 3 |  3.0
Evocations     | 1 2 |  2.8
Shields        | 1 2 4 |  4.0
Invocations    | 2 |  2.4
Maces & Flails | |  1.0

Action                   |  1- 3 |  4- 6 |  7- 9 || total
-------------------------+-------+-------+-------++-------
Melee: Unarmed           |   122 |   192 |   324 ||   638
 Fire: Blowgun           |       |       |    10 ||    10
Throw: Stone             |       |    12 |    29 ||    41
       Tomahawk          |       |     2 |    14 ||    16
       Javelin           |       |       |     1 ||     1
Evoke: Wand              |       |       |     2 ||     2
  Use: Scroll            |       |     4 |     5 ||     9
 Stab: Sleeping          |     1 |     1 |     3 ||     5
  Eat: Chunk             |    16 |    16 |    34 ||    66
Armor: Skin              |    44 |   114 |   166 ||   324
Dodge: Dodged            |    61 |    25 |    29 ||   115
Block: Large shield      |       |   102 |   291 ||   393
